 Dungeon Crawl Stone Soup version 0.29.0-13-gc9e81de378 (webtiles) character file.

Game seed: 445713387432563118

192 bande the Chopper (level 5, 0/46 HPs)
             Began as a Hill Orc Fighter on Sept 10, 2022.
             Was an Initiate of Beogh.
             Slain by Pikel
             ... wielding a +0 whip of flaming
              (4 damage)
             ... on level 3 of the Dungeon.
             The game lasted 00:05:59 (3548 turns).

bande the Chopper (Hill Orc Fighter)                Turns: 3548, Time: 00:05:59

Health: 0/46       AC: 11    Str: 25    XL:     5   Next: 71%
Magic:  5/5        EV:  6    Int:  8    God:    Beogh [......]
Gold:   177        SH: 10    Dex: 12    Spells: 4/4 levels left

rFire   . . .      SeeInvis .   a - +0 war axe
rCold   . . .      Faith    .   c - +0 buckler
rNeg    . . .      Spirit   .   s - +0 plate armour
rPois   .          Reflect  +   (no helmet)
rElec   .          Harm     .   (no cloak)
rCorr   .          Rampage  .   (no gloves)
Will    .....                   (no boots)
Stlth   ..........              m - amulet of reflection
HPRegen 0.15/turn               x - +6 ring of strength
MPRegen 0.09/turn               (no ring)

@: no status effects
A: no striking features
a: Renounce Religion


You were on level 3 of the Dungeon.
You worshipped Beogh.
Beogh was noncommittal.
You visited 1 branch of the dungeon, and saw 4 of its levels.

You collected 177 gold pieces.

Inventory:

Hand Weapons
 a - a +0 war axe (weapon)
 u - a +0 flail
Armour
 c - a +0 buckler (worn)
 s - a +0 plate armour (worn)
Jewellery
 m - an amulet of reflection (around neck)
 w - a ring of fire
 x - a +6 ring of strength (left hand)
Wands
 n - a wand of flame (26)
Scrolls
 e - 2 scrolls of amnesia {unknown}
 g - 2 scrolls of identify {unknown}
 i - a scroll of fear {unknown}
 j - a scroll of teleportation {unknown}
 k - 2 scrolls of enchant weapon {unknown}
 l - a scroll of enchant armour {unknown}
 p - a scroll of poison {unknown}
 q - a scroll of noise {unknown}
 v - a scroll of magic mapping {unknown}
Potions
 b - 2 potions of invisibility {unknown}
 d - a potion of might
 f - a potion of attraction {unknown}
 h - 2 potions of degeneration {unknown}
 o - 3 potions of brilliance {unknown}
 r - a potion of lignification {unknown}
 t - a potion of cancellation {unknown}


   Skills:
 + Level 4.2 Fighting
 + Level 5.1 Axes
 + Level 4.3 Armour
 + Level 4.0 Shields
 * Level 1.5 Evocations


You had 4 spell levels left.
You didn't know any spells.
Your spell library was empty.

Dungeon Overview and Level Annotations

Branches:
Dungeon (4/15)
 Temple: D:4-7

Altars:
Kikubaaqudgha
Nemelex Xobeh
Ru

Annotations:
D:3 Pikel


Message History

Pikel is severely wounded.
Pikel hits you but does no damage.
You closely miss Pikel.
Pikel is severely wounded.
Pikel hits you with a +0 whip of flaming.
Pikel burns you.
You hit Pikel but do no damage.
Pikel is severely wounded.
You block Pikel's attack.
You miss Pikel.
Pikel is severely wounded.
Pikel hits you with a +0 whip of flaming.
Pikel burns you.
Pikel hits you with a +0 whip of flaming.
Pikel burns you.
* * * LOW HITPOINT WARNING * * *
You hit Pikel.
Pikel is severely wounded.
You block Pikel's attack.
You hit Pikel.
Pikel is almost dead.
Pikel hits you with a +0 whip of flaming.
* * * LOW HITPOINT WARNING * * *
Pikel burns you.
* * * LOW HITPOINT WARNING * * *
You barely miss Pikel.
Pikel is almost dead.
You block Pikel's attack.
You hit Pikel.
Pikel is almost dead.
You block Pikel's attack.
Pikel hits you with a +0 whip of flaming.
* * * LOW HITPOINT WARNING * * *
Pikel burns you.
* * * LOW HITPOINT WARNING * * *
Okay, then.
You barely miss Pikel.
Pikel is almost dead.
Pikel hits you with a +0 whip of flaming.
You die...

########.# #<#.#...#....#...#~
.#.....#.# #.#...#.#........#.
.#.......######.##...).....##..#.
..........#..)..#..#.......##...#
#......##.........##........###..
..#######.........##...####.....#
### #.........##...# ####..#
#.......K)##...#######..>
#.......@>##..[##...#####
#^.......)##...#..###
#................##
#.........######## #>........#
#.........# #.........#
##.......## ##.....##


You could see Pikel.

Vanquished Creatures
  3 lemures (D:3)
  An iguana (D:2)
  2 orc wizards (D:3)
  4 gnolls (D:3)
  2 adders (D:3)
  2 dart slugs
  2 orcs (D:3)
  3 endoplasms
  A giant cockroach (D:1)
  4 goblins
  7 hobgoblins
  4 jackals (D:2)
  6 quokkas
  3 ball pythons
  8 bats
  4 frilled lizards
  9 kobolds
  6 rats
71 creatures vanquished.

Vanquished Creatures (others)
  An orc priest (D:3)
1 creature vanquished.

Grand Total: 72 creatures vanquished

Notes
Turn   | Place    | Note
-------+----------+-------------------------------------------
     0 | D:1      | bande the Hill Orc Fighter began the quest for the Orb.
     0 | D:1      | Reached XP level 1. HP: 19/19 MP: 1/1
   257 | D:1      | Reached XP level 2. HP: 27/27 MP: 2/2
   533 | D:1      | Reached skill level 3 in Axes
   755 | D:1      | Found a faded altar of an unknown god.
   768 | D:1      | Reached XP level 3. HP: 33/33 MP: 3/3
  1141 | D:2      | Reached XP level 4. HP: 35/40 MP: 4/4
  1604 | D:2      | Found a sparkling altar of Nemelex Xobeh.
  1987 | D:3      | Reached skill level 4 in Axes
  2123 | D:3      | Found a sacrificial altar of Ru.
  2285 | D:3      | Reached skill level 1 in Evocations
  2418 | D:3      | Found an ancient bone altar of Kikubaaqudgha.
  2455 | D:3      | Became a worshipper of Beogh the Brigand
  2462 | D:3      | Reached XP level 5. HP: 30/46 MP: 5/5
  2882 | D:4      | Noticed a lemure
  2882 | D:4      | Noticed a lemure
  2883 | D:4      | Noticed a lemure
  2898 | D:3      | Reached skill level 5 in Axes
  2909 | D:3      | Killed a lemure
  3255 | D:4      | Noticed a lemure
  3256 | D:4      | Noticed Pikel
  3274 | D:3      | Killed a lemure
  3533 | D:3      | Killed a lemure
  3548 | D:3      | Slain by Pikel

Illustrated notes

Levels and vault maps discovered:
D:1:      mrwooster_arrival_statue, layout_basic,
          chequers_ecumenical_altar_twisty
D:2:      layout_loops_corners, basic_altar
D:3:      layout_rooms, mainiacjoe_overflow_alcove_1, nicolae_ru_awakened_eye
D:4:      minmay_chambers_of_twos, layout_loops_ring,
          minmay_temple_entry_overgrown, serial_forest,
          infiniplex_forest_lined_ring, infiniplex_forest_end_double,
          infiniplex_forest_clump_tiny, infiniplex_forest_lined_2,
          infiniplex_forest_clump_diagonal, infiniplex_forest_join,
          infiniplex_forest_lined_2, kennysheep_generic_room_6,
          uniq_crazy_yiuf_cottage, uniq_pikel

Skill      XL: |  1  2  3  4  5 |
---------------+----------------+-----
Axes           | 3 4 5 |  5.1
Fighting       | 4 |  4.2
Armour         | 4 |  4.3
Evocations     | 1 |  1.5
Shields        | 4 |  4.0

Action                   |  1- 3 |  4- 6 || total
-------------------------+-------+-------++-------
Melee: War axe           |    76 |   131 ||   207
Invok: Convert to Beogh  |       |     1 ||     1
Armor: Scale mail        |    37 |    10 ||    47
       Plate armour      |       |    78 ||    78
Dodge: Dodged            |    36 |    36 ||    72
Block: Buckler           |    11 |    82 ||    93
       Reflection        |       |     2 ||     2
